 Dungeon Crawl Stone Soup version 0.31-a0-934-gf4fcaacff8 (webtiles) character file.

Game seed: 14716760113182362519

170 Malachi the Ruffian (level 5, -2/55 HPs)
             Began as a Demonspawn Shapeshifter on Oct 20, 2023.
             Was a Believer of Dithmenos.
             Succumbed to a kobold's poison
             ... on level 3 of the Dungeon.
             The game lasted 00:03:07 (2224 turns).

Malachi the Ruffian (Demonspawn Shapeshifter)       Turns: 2224, Time: 00:03:07

Health: -2/55      AC: 22    Str: 16    XL:     5   Next: 26%
Magic:  5/5        EV:  2    Int: 12    God:    Dithmenos [**....]
Gold:   72         SH:  0    Dex: 12    Spells: 4/4 levels left

rFire   . .          .
                       - Unarmed
rCold   . . .        (no shield)
rNeg    . . .        e - melded +0 plate armour
rPois   +            (helmet currently unavailable)
rElec   .            (cloak currently unavailable)
rCorr   .            (gloves currently unavailable)
SInv    .            (boots currently unavailable)
Will    .....        (no amulet)
Stlth   +            (no ring)
HPRegen 0.29/turn    (no ring)
MPRegen 0.09/turn

%: no passive effects
@: lethally poisoned (-2 -> -25), tree-form, hasted, wreathed by umbra, very
quick
A: stationary, stasis, torment immunity, boosted hp, ignite blood 1
a: Renounce Religion, Shadow Step


You were on level 3 of the Dungeon.
You worshipped Dithmenos.
Dithmenos was pleased with you.
You were a tree.
You visited 1 branch of the dungeon, and saw 3 of its levels.

You collected 72 gold pieces.

Inventory:

Hand Weapons
 r - a +2 dagger of venom
Missiles
 o - 3 poisoned darts
 q - 3 atropa-tipped darts
Armour
 a - a +0 animal skin
 e - a +0 plate armour (melded)
 f - a +0 helmet
Talismans
 c - a beast talisman
 d - a flux talisman
Wands
 n - a wand of iceblast (23)
Scrolls
 j - a scroll of summoning {unknown}
 k - 3 scrolls of teleportation {unknown}
 l - a scroll of enchant armour {unknown}
 m - a scroll of fear {unknown}
 p - a scroll of identify {unknown}
Potions
 h - a potion of might {unknown}
 i - 2 potions of curing {unknown}


   Skills:
 - Level 1.1 Fighting
 - Level 1.8 Dodging
 + Level 4.2 Unarmed Combat
 + Level 4.0 Shapeshifting


You had 4 spell levels left.
You didn't know any spells.
Your spell library was empty.

Dungeon Overview and Level Annotations

Branches:
Dungeon (3/15)

Altars:
Dithmenos
Sif Muna

Shops:
D:1 *


Innate Abilities, Weirdness & Mutations

You are a tree.
Your roots penetrate the ground, keeping you stationary.
You cannot be teleported.
You are immune to unholy pain and torment.
Your maximum health is greatly increased.
Your equipment is partially melded.
Your demonic aura sometimes causes spilled blood to erupt in flames.


Message History

The kobold hits you but does no damage.
You closely miss the kobold.
You feel sick. The kobold hits you but does no damage.
You are more poisoned.
You completely miss the kobold.
You feel sick.
The kobold hits you with a +1 dagger of venom.
You barely miss the kobold.
You feel sick.
You hit the kobold but do no damage.
You feel sick.
The kobold hits you with a +1 dagger of venom.
You are more poisoned.
You hit the kobold but do no damage.
You feel very sick. The kobold hits you but does no damage.
You are too injured to fight recklessly!
You are too injured to fight recklessly!
You are too injured to fight recklessly!
You are too injured to fight recklessly!
You closely miss the kobold.
You feel sick. The kobold barely misses you.
You hit the kobold.
The kobold is heavily wounded.
You feel sick.
The kobold hits you with a +1 dagger of venom.
You are lethally poisoned!
You barely miss the kobold.
The kobold is heavily wounded.
* * * LOW HITPOINT WARNING * * *
You feel very sick.
The kobold hits you with a +1 dagger of venom.
* * * LOW HITPOINT WARNING * * *
You are more poisoned.
It was a potion of haste.
You feel yourself speed up.
* * * LOW HITPOINT WARNING * * *
You feel very sick. The kobold hits you but does no damage.
You are more poisoned.
Your transformation has ended.
You turn into a tree.
Your +0 plate armour melds into your body.
Your roots penetrate the ground.
You die...

#......# #.# ##.....#
#.####### #.#.###
#.......# #.#.#
#######<# #.#.# #.#
#.#.# #.# #.#.# #.#
###.#.#
############.#
#.....#
#...K♣.......#
#.#.###
#.############ #.#.#
#.#.# #.#.# #.#.#
####.#.####
..........#########^#
.....##.............#


You could see a kobold.

Vanquished Creatures
  Ijyb (D:3)
  Natasha (twice) (D:3)
  2 adders (D:2)
  4 dart slugs
  5 ball pythons
  5 endoplasms
  6 giant cockroaches
  6 hobgoblins
  6 quokkas
  7 bats
  5 frilled lizards
  5 goblins
  13 kobolds
  A rat (D:3)
68 creatures vanquished.

Vanquished Creatures (others)
  A goblin (D:3)
1 creature vanquished.

Grand Total: 69 creatures vanquished

Notes
Turn   | Place    | Note
-------+----------+-------------------------------------------
     0 | D:1      | Malachi the Demonspawn Shapeshifter began the quest for the
                  | Orb.
     0 | D:1      | Reached XP level 1. HP: 15/15 MP: 1/1
   149 | D:1      | Gained mutation: Your demonic aura sometimes causes spilled
                  | blood to erupt in flames. [demonic ancestry]
   149 | D:1      | Reached XP level 2. HP: 18/21 MP: 2/2
   546 | D:1      | Reached XP level 3. HP: 23/26 MP: 3/3
   601 | D:1      | Found a faded altar of an unknown god.
   623 | D:1      | Prayed at the altar of an unknown god.
   623 | D:1      | Became a worshipper of Dithmenos the Shadowed
   623 | D:1      | Reached * piety under Dithmenos
   804 | D:1      | Found Qomiwkum's Assorted Antiques.
  1051 | D:2      | Reached XP level 4. HP: 32/32 MP: 4/4
  1459 | D:3      | Reached ** piety under Dithmenos
  1515 | D:3      | Noticed Ijyb
  1523 | D:3      | Killed Ijyb
  1778 | D:3      | Noticed Natasha
  1793 | D:3      | Killed Natasha
  1794 | D:3      | Reached XP level 5. HP: 34/37 MP: 5/5
  2001 | D:3      | Found a shimmering blue altar of Sif Muna.
  2080 | D:3      | Noticed Natasha
  2088 | D:3      | Killed Natasha
  2223 | D:3      | HP: 1/37 [poisoned by a kobold]
  2224 | D:3      | Succumbed to a kobold's poison

Illustrated notes

Levels and vault maps discovered:
D:1:      dpeg_arrival_more_subterranean_lakeside_camping, layout_basic,
          ebering_ecumenical_altar_abandoned, serial_shops, shop,
          minmay_hexomino_f4
D:2:      cheibrodos_pilgrimage, layout_basic, basic_altar, uniq_sigmund
D:3:      layout_loops_ring, lemuel_blue_sif_altar, uniq_ijyb, uniq_natasha

Skill      XL: |  1  2  3  4  5 |
---------------+----------------+-----
Unarmed Combat | 3 4 |  4.2
Shapeshifting  | 3 4 |  4.0
Fighting       | |  1.1
Dodging        | |  1.8

Action                     |  1- 3 |  4- 6 || total
---------------------------+-------+-------++-------
  Melee: Unarmed           |   172 |    75 ||   247
  Throw: Dart              |       |     3 ||     3
    Use: Potion            |       |     2 ||     2
 Armour: Plate armour      |   162 |    73 ||   235
         Animal skin       |     3 |       ||     3
  Dodge: Dodged            |    33 |    15 ||    48

Table legend: (Time is in decaauts)
 A = Elapsed time spent in this place.
 B = Non-inter-level travel time spent in this place.
 C = Inter-level travel time spent in this place.
 D = Time resting spent in this place.
 E = Time spent auto-exploring this place.
 F = Levels seen in this place.
 G = Mean time per level.
                   A        B        C        D        E       F      G
               +--------+--------+--------+--------+--------+-----+--------+
         Total |   2215 |   2205 |     10 |    408 |   1271 |   3 |  738.3 |
       Dungeon |   2215 |   2205 |     10 |    408 |   1271 |   3 |  738.3 |
               +--------+--------+--------+--------+--------+-----+--------+

Top non-repeatable levels by time:
     D:3: 1142 daAuts
     D:1: 824 daAuts
     D:2: 248 daAuts
